 Dungeon Crawl Stone Soup version 0.19-a0-1903-gead39cf (webtiles) character file.

181 JeffiDaFish the Shield-Bearer (level 5, -3/46 HPs)
             Began as a Hill Orc Fighter on Oct 20, 2016.
             Killed from afar by Blork the orc (5 damage)
             ... with a puff of flame
             ... on level 4 of the Dungeon.
             The game lasted 00:08:34 (2639 turns).

JeffiDaFish the Shield-Bearer (Hill Orc Fighter)    Turns: 2639, Time: 00:08:35

Health: -3/46      AC: 11    Str: 20    XL:     5   Next: 61%
Magic:  5/5        EV:  3    Int:  8    God:
Gold:   128        SH: 10    Dex: 13    Spells: 0 memorised, 4 levels left

rFire  . . .     SeeInvis .     a - +0 long sword
rCold  . . .     Gourm    .     k - +0 plate armour
rNeg   + . .     Faith    .     c - +0 shield
rPois  .         Spirit   .     (no helmet)
rElec  .         Reflect  .     (no cloak)
rCorr  .         Harm     .     (no gloves)
MR     .....                    (no boots)
Stlth  ..........               (no amulet)
                                i - ring of positive energy
                                e - +3 ring of dexterity

@: no status effects
A: no striking features
a: no special abilities


You were on level 4 of the Dungeon.
You were not hungry.

You visited 1 branch of the dungeon, and saw 4 of its levels.

You collected 128 gold pieces.

Inventory:

Hand Weapons
 a - a +0 long sword (weapon)
Armour
 b - a +0 scale mail
 c - a +0 shield (worn)
 k - a +0 plate armour (worn)
Jewellery
 e - a +3 ring of dexterity (left hand)
 i - a ring of positive energy (right hand)
Wands
 m - a wand of slowing (26/48)
 n - a wand of slowing (26/48)
Scrolls
 j - 2 scrolls of amnesia
 l - 5 scrolls of identify
 p - a scroll of magic mapping
 t - a scroll of teleportation
Potions
 d - a potion of might
 o - a potion of flight
 s - a potion of cure mutation
 u - a potion of haste
 v - a potion of heal wounds
Comestibles
 f - 3 bread rations
 g - 2 royal jellies
 h - 4 chunks of flesh
 q - 2 meat rations
 r - a slice of pizza
 w - 7 fruits


   Skills:
 + Level 4.3 Fighting
 + Level 4.3 Long Blades
 + Level 4.0 Armour
 + Level 4.4 Shields


You had 4 spell levels left.
You didn't know any spells.

Dungeon Overview and Level Annotations

Branches:
Dungeon (4/15)
 Temple: D:4-7

Altars:
Fedhas
Qazlal

Annotations:
D:4 Blork the orc


Message History

Blork the orc casts a spell at you. The puff of flame hits you!
You hit Blork the orc but do no damage.
Blork the orc is lightly wounded.
Blork the orc barely misses you.
Your shield and plate armour prevent you from hitting Blork the orc.
Blork the orc is lightly wounded.
Blork the orc gestures at you while chanting.
The magic dart hits you!
Blork the orc hits you with a dire flail.
* * * LOW HITPOINT WARNING * * *
You hit Blork the orc but do no damage.
Blork the orc is lightly wounded.
You block Blork the orc's attack.
Blork the orc zaps a wand.
The puff of flame hits you!
* * * LOW HITPOINT WARNING * * *
That item cannot be evoked!
Blork the orc points at you and mumbles some strange words.
The puff of flame hits you!
You die...

#########
#.o....o. #.#
#.#
############.#
.........o...#
######...#####
#.@.# ###...#
#.....#
#.....#
#.....#
#.....#
#.....#
#.....#
#<....#


You could see Blork the orc.

Vanquished Creatures
  A scorpion (D:4)
  6 adders
  2 oozes
  2 worms (D:2)
  2 dart slugs
  A leopard gecko (D:3)
  8 orcs (D:3)
  A ball python (D:1)
  6 bats
  5 giant cockroaches
  3 goblins
  7 hobgoblins
  A frilled lizard (D:1)
  4 kobolds
  4 rats
53 creatures vanquished.

Notes
Turn   | Place    | Note
-------+----------+-------------------------------------------
     0 | D:1      | JeffiDaFish the Hill Orc Fighter began the quest for the Orb.
     0 | D:1      | Reached XP level 1. HP: 19/19 MP: 1/1
   442 | D:1      | Reached XP level 2. HP: 27/27 MP: 2/2
   713 | D:2      | Reached XP level 3. HP: 16/33 MP: 3/3
  1058 | D:2      | Reached XP level 4. HP: 39/40 MP: 4/4
  1236 | D:2      | Found a faded altar of an unknown god.
  1236 | D:2      | Found a faded altar of an unknown god.
  1241 | D:2      | Found a stormy altar of Qazlal.
  1243 | D:2      | Found a faded altar of an unknown god.
  1244 | D:2      | Found a faded altar of an unknown god.
  1814 | D:3      | Reached XP level 5. HP: 32/46 MP: 5/5
  2078 | D:3      | Found a blossoming altar of Fedhas.
  2619 | D:4      | Noticed Blork the orc
  2637 | D:4      | HP: 2/46 [Blork the orc/wand of flame (9)]
  2639 | D:4      | Killed from afar by Blork the orc

Vault maps used:
D:1:      dpeg_arrival_radiant
D:2:      chequers_temple_overflow_minitemple
D:3:      grunt_ministairs_12, corexii_shack, grunt_decor_cap,
          fedhas_altar_fruit_tree
D:4:      first_bread, uniq_duvessa, uniq_grinder, uniq_blork_the_orc

Skill      XL: |  1  2  3  4  5 |
---------------+----------------+-----
Fighting       | 4 |  4.3
Long Blades    | 3 4 |  4.3
Shields        | 4 |  4.4
Armour         | 4 |  4.0

Action                   |  1- 3 |  4- 6 || total
-------------------------+-------+-------++-------
Melee: Long sword        |   103 |   151 ||   254
  Use: Scroll            |     5 |     3 ||     8
       Potion            |     2 |     3 ||     5
  Eat: Chunk             |     1 |     4 ||     5
       Fruit             |       |     1 ||     1
Armor: Scale mail        |    20 |       ||    20
       Plate armour      |    36 |   101 ||   137
Dodge: Dodged            |    16 |    20 ||    36
Block: Shield            |    46 |    97 ||   143
       Rpst.: Long sword |     4 |     1 ||     5
